 Dungeon Crawl Stone Soup version 0.25-a0-294-gea9b1ad378 (webtiles) character file.

Game seed: 10011036792291880539, levelgen mode: deterministic

31 mopl the Vexing (level 3, -1/24 HPs)
             Began as a Demonspawn Enchanter on Dec 16, 2019.
             Killed from afar by Sigmund (10 damage)
             ... with a magic dart
             ... on level 2 of the Dungeon.
             The game lasted 00:02:37 (2333 turns).

mopl the Vexing (Demonspawn Enchanter)              Turns: 2333, Time: 00:02:38

Health: -1/24      AC:  5    Str:  8    XL:     3   Next: 7%
Magic:  1/6        EV: 12    Int: 17    God:
Gold:   42         SH:  0    Dex: 13    Spells: 0/6 levels left

rFire    . . .     SeeInvis .   a - +1 dagger
rCold    . . .     Gourm    .   (no shield)
rNeg     . . .     Faith    .   b - +0 robe
rPois    .         Spirit   .   (no helmet)
rElec    .         Reflect  .   (no cloak)
rCorr    .         Harm     .   (no gloves)
MR       .....                  f - +0 pair of boots
Stlth    ++........             (no amulet)
HPRegen  0.08/turn              (no ring)
MPRegen  0.10/turn              (no ring)

@: no status effects
A: slimy green scales 1
a: no special abilities


You were on level 2 of the Dungeon.
You were not hungry.

You visited 1 branch of the dungeon, and saw 2 of its levels.

You collected 42 gold pieces.

Inventory:

Hand Weapons
 a - a +1 dagger (weapon)
Armour
 b - a +0 robe (worn)
 f - a +0 pair of boots (worn)
Scrolls
 h - a scroll of identify {unknown}
 i - a scroll of teleportation {unknown}
Potions
 c - 2 potions of curing {unknown}
 e - 2 potions of flight {unknown}
 g - a potion of resistance {unknown}
 j - a potion of cancellation {unknown}
Comestibles
 d - 2 rations


   Skills:
 - Level 0.8 Short Blades
 - Level 1.7 Dodging
 + Level 3.1 Stealth
 + Level 2.4 Spellcasting
 + Level 3.3 Hexes
 + Level 0.6 Ice Magic


You couldn't memorise any spells.
You knew the following spells:

 Your Spells              Type           Power        Failure   Level  Hunger
a - Corona                Hex            ##.....      4%          1    #......
b - Ensorcelled Hibernat  Hex/Ice        #.....       12%         2    ##.....
c - Confuse               Hex            ##......     14%         3    ###....

Your spell library contained the following spells:

 Spells                   Type           Power        Failure   Level  Hunger
 Tukima's Dance           Hex            ##......     14%         3    ###....
 Dazzling Flash           Conj/Hex       #.....       28%         3    ###....


Dungeon Overview and Level Annotations

Branches:
Dungeon (2/15)

Altars:

Annotations:
D:2 Sigmund


Innate Abilities, Weirdness & Mutations

You are partially covered in slimy green scales. (AC +2)


Message History

Sigmund barely misses you.
You hit Sigmund.
Sigmund is heavily wounded.
You barely miss Sigmund.
Sigmund is heavily wounded.
Sigmund seems less confused.
Sigmund barely misses you.
Casting: Confuse (safe; 14% risk of failure)
Confirm with . or Enter, or press ? or * to list all spells.
Aiming: Confuse (safe; 14% risk of failure)
Press: ? - help, Shift-Dir - straight line, f/p - Sigmund
Aim: Sigmund, wielding a +0 scythe and wearing a +0 robe (heavily wounded, chance to defeat MR: 52%) Sigmund resists with significant effort.
Sigmund hits you with a +0 scythe! Sigmund gestures at you while chanting.
The magic dart hits you.
Sigmund's eyes start glowing with a red light.
There is a stone staircase leading up, spattered with blood here.
Sigmund points at you and mumbles some strange words.
The magic dart hits you!
You die...

##.# ###.... #>..
...... #..#####@#
#@.K. #..#.....# #....
#####..#.#######....
....................
#.###..#÷######## #
#.###.....#...# #
#.#@#.##..#...# ##
#.#.#.##..#...#####.
#...#.##....(.†.(...
#.#@#.##.#########..
###+#.#.##.#.....# #.#
#....##.##.......# #.#
#....##.##.......# ...
#....##..........##...
#....#####.......##...


You could see Sigmund.

Vanquished Creatures
  An adder (D:2)
  A leopard gecko (D:1)
  A giant cockroach (D:1)
  A goblin (D:1)
  2 hobgoblins (D:1)
  3 bats (D:1)
  3 frilled lizards
  7 kobolds
  4 rats (D:1)
23 creatures vanquished.

Notes
Turn   | Place    | Note
-------+----------+-------------------------------------------
     0 | D:1      | mopl the Demonspawn Enchanter began the quest for the Orb.
     0 | D:1      | Reached XP level 1. HP: 13/13 MP: 3/3
   722 | D:1      | Gained mutation: You are partially covered in slimy green
                  | scales. (AC +2) [demonic ancestry]
   722 | D:1      | Reached XP level 2. HP: 19/19 MP: 5/5
   726 | D:1      | Learned a level 2 spell: Ensorcelled Hibernation
   754 | D:1      | Reached skill level 3 in Stealth
  1314 | D:2      | Reached XP level 3. HP: 24/24 MP: 3/6
  1324 | D:2      | Learned a level 3 spell: Confuse
  1325 | D:2      | Noticed Sigmund
  2333 | D:2      | Killed from afar by Sigmund

Levels and vault maps discovered:
D:1:      psy_arrival_fountain, layout_basic
D:2:      layout_basic, glass_columns_a, uniq_sigmund

Skill      XL: |  1  2 |
---------------+-------+-----
Stealth        | 3 |  3.1
Short Blades   | |  0.8
Dodging        | |  1.7
Spellcasting   | |  2.4
Hexes          | |  3.3
Ice Magic      | |  0.6

Action                   || total
-------------------------++-------
Melee: Dagger            ||   106
 Cast: Corona            ||     4
       Ensorcelled Hiber ||     5
       Confuse           ||     9
 Stab: Sleeping          ||    10
       Confused          ||     4
  Eat: Chunk             ||     2
       Ration            ||     1
Armor: Robe              ||    16
Dodge: Dodged            ||    59

Table legend:
 A = Non-vault XP
 B = Vault XP
 C = Vault XP percentage of total XP
 D = Non-vault monster count
 E = Vault monster count
 F = Vault count percentage of total count
                 A         B        C        D         E       F
            +---------+---------+-------+---------+---------+-------
      Total |      45 |       0 |   0.0 |      23 |       0 |   0.0
            +---------+---------+-------+---------+---------+-------
        D:1 |      27 |       0 |   0.0 |      18 |       0 |   0.0
        D:2 |      18 |       0 |   0.0 |       5 |       0 |   0.0
            +---------+---------+-------+---------+---------+-------
